[ AOE2 MATCH · #506641090 ]
UnrankedJapanese vs Japanese
Player's team · LOSS
Rival team · WIN
[ REPLAY ANALYSIS · EXTRACTED FROM THE RECORDED GAME ]
Feudal
8:54
Castle
24:07
Imperial
—
| APM avg | 67.7 |
| APM peak | 89 |
| eAPM avg | 29.1 |
| Villagers / military | 115 / 55 |
Focus
⚔️ 42.8% · 🌾 57.2%
Monk ×16 · Skirmisher ×15 · Archer ×14 · Militia ×9 · Mangonel ×1
Feudal
8:52
Castle
27:11
Imperial
—
| APM avg | 51.7 |
| APM peak | 90 |
| eAPM avg | 24.7 |
| Villagers / military | 185 / 49 |
Focus
⚔️ 29.1% · 🌾 70.9%
Scout Cavalry ×27 · Militia ×15 · Knight ×7
Match map
Initial resources + every placement click. Lines = walls · curves = elevation contours. ◆ gold · ⬟ stone · ● berries · ✦ relic · ◌ wall gap
Your base· Open — unwalled flank
新竹's base· Open — 4t gap
Smoothed initial terrain · ◌ = detected wall gap · hover for details
Inputs per minute
— Rafelso - - 新竹
Build order — Rafelso
First 150 of 320 actions detected
| 0:00 | Queue | Villager (Male) |
| 0:02 | Build | House |
| 0:02 | Build | House |
| 0:08 | Queue | Villager (Male) |
| 0:11 | Queue | Villager (Male) ×2 |
| 1:25 | Queue | Villager (Male) |
| 1:38 | Build | Mill |
| 1:57 | Queue | Villager (Male) |
| 2:09 | Build | Lumber Camp |
| 2:24 | Queue | Villager (Male) |
| 2:58 | Queue | Villager (Male) |
| 3:24 | Queue | Villager (Male) |
| 3:24 | Queue | Villager (Male) |
| 3:32 | Queue | Villager (Male) |
| 3:53 | Build | House |
| 4:04 | Queue | Villager (Male) |
| 4:16 | Queue | Villager (Male) |
| 4:54 | Queue | Villager (Male) |
| 4:56 | Build | House |
| 5:02 | Queue | Villager (Male) |
| 5:12 | Queue | Villager (Male) |
| 5:23 | Queue | Villager (Male) |
| 5:26 | Build | Barracks |
| 5:30 | Queue | Villager (Male) |
| 6:00 | Queue | Villager (Male) |
| 6:08 | Research | Loom |
| 6:27 | Build | House |
| 6:43 | Research | Feudal Age |
| 7:04 | Queue | Militia |
| 7:04 | Queue | Militia |
| 7:19 | Queue | Militia |
| 7:19 | Queue | Militia |
| 7:39 | Queue | Villager (Male) |
| 7:44 | Queue | Militia |
| 7:45 | Queue | Militia |
| 7:49 | Build | House |
| 8:21 | Queue | Villager (Male) |
| 8:54 | Age | Feudal Age |
| 8:56 | Build | Archery Range |
| 8:57 | Research | Double-Bit Axe |
| 9:11 | Research | Man-at-Arms (upgrade) |
| 9:12 | Queue | Villager (Male) |
| 9:16 | Build | Palisade Wall |
| 9:42 | Queue | Villager (Male) |
| 9:56 | Queue | Villager (Male) |
| 10:10 | Build | Watch Tower |
| 10:17 | Queue | Villager (Male) |
| 10:23 | Build | House |
| 10:24 | Build | Palisade Wall |
| 10:26 | Build | Palisade Wall |
| 10:27 | Build | Palisade Wall |
| 10:30 | Build | Palisade Wall |
| 10:44 | Queue | Villager (Male) |
| 10:55 | Build | Mining Camp |
| 11:06 | Build | Archery Range |
| 11:27 | Queue | Villager (Male) |
| 11:45 | Build | House |
| 11:50 | Build | House |
| 12:10 | Queue | Militia |
| 12:24 | Build | Watch Tower |
| 12:26 | Build | Mining Camp |
| 12:31 | Queue | Villager (Male) |
| 12:35 | Build | Mill |
| 12:42 | Queue | Villager (Male) |
| 12:45 | Build | Farm |
| 12:45 | Build | Farm |
| 12:48 | Build | Farm |
| 12:57 | Build | Farm |
| 12:59 | Build | Farm |
| 12:59 | Build | Farm |
| 13:17 | Build | Farm |
| 13:46 | Build | Farm |
| 13:46 | Queue | Villager (Male) |
| 14:14 | Queue | Villager (Male) |
| 14:16 | Queue | Skirmisher |
| 14:30 | Build | Farm |
| 14:31 | Queue | Villager (Male) |
| 14:33 | Build | Blacksmith |
| 14:34 | Build | House |
| 14:46 | Build | Farm |
| 14:46 | Queue | Villager (Male) |
| 15:05 | Queue | Villager (Male) |
| 15:38 | Build | Watch Tower |
| 15:42 | Queue | Villager (Male) |
| 15:44 | Build | Farm |
| 15:54 | Queue | Villager (Male) |
| 16:08 | Queue | Skirmisher |
| 16:09 | Queue | Villager (Male) |
| 16:27 | Queue | Villager (Male) |
| 16:28 | Build | Farm |
| 16:29 | Build | Farm |
| 16:30 | Queue | Villager (Male) |
| 16:33 | Build | House |
| 16:34 | Queue | Villager (Male) |
| 16:46 | Queue | Villager (Male) |
| 16:56 | Queue | Skirmisher |
| 17:23 | Queue | Villager (Male) |
| 17:34 | Queue | Skirmisher |
| 17:50 | Queue | Villager (Male) |
| 18:03 | Research | Town Watch |
| 18:10 | Build | House |
| 18:15 | Queue | Skirmisher |
| 18:16 | Queue | Villager (Male) |
| 18:18 | Build | Farm |
| 18:18 | Build | Farm |
| 18:19 | Build | Farm |
| 18:20 | Build | Mill |
| 18:21 | Queue | Villager (Male) |
| 18:29 | Queue | Villager (Male) |
| 18:31 | Queue | Villager (Male) |
| 18:52 | Queue | Villager (Male) |
| 18:55 | Queue | Villager (Male) |
| 19:16 | Queue | Villager (Male) |
| 19:21 | Queue | Skirmisher |
| 19:25 | Queue | Skirmisher |
| 19:28 | Build | House |
| 19:30 | Build | Farm |
| 19:47 | Build | Farm |
| 20:16 | Queue | Skirmisher |
| 20:28 | Queue | Villager (Male) |
| 20:46 | Build | Market |
| 20:52 | Queue | Skirmisher |
| 21:02 | Build | House |
| 21:27 | Research | Castle Age |
| 21:29 | Research | Fletching |
| 21:47 | Build | House |
| 21:48 | Build | House |
| 21:54 | Build | Watch Tower |
| 22:03 | Queue | Skirmisher |
| 22:30 | Queue | Skirmisher |
| 22:44 | Queue | Villager (Male) |
| 22:51 | Queue | Villager (Male) |
| 22:55 | Build | Mining Camp |
| 23:01 | Queue | Militia |
| 23:02 | Queue | Skirmisher |
| 23:14 | Build | Watch Tower |
| 23:20 | Queue | Villager (Male) |
| 23:39 | Queue | Villager (Male) |
| 23:46 | Queue | Militia |
| 23:50 | Build | Mining Camp |
| 23:59 | Queue | Villager (Male) |
| 24:07 | Age | Castle Age |
| 24:15 | Research | Bodkin Arrow |
| 24:15 | Research | Bodkin Arrow |
| 25:01 | Queue | Villager (Male) |
| 25:11 | Queue | Villager (Male) |
| 25:21 | Queue | Skirmisher |
| 25:36 | Queue | Villager (Male) |
| 26:01 | Queue | Villager (Male) |
| 26:13 | Queue | Villager (Male) |
Build order — 新竹
First 150 of 400 actions detected
| 0:00 | Queue | Villager (Male) |
| 0:00 | Queue | Villager (Male) |
| 0:01 | Queue | Villager (Male) |
| 0:02 | Build | House |
| 0:04 | Build | House |
| 0:08 | Queue | Villager (Male) |
| 0:09 | Queue | Villager (Male) |
| 1:25 | Queue | Villager (Male) |
| 1:54 | Queue | Villager (Male) |
| 1:54 | Queue | Villager (Male) |
| 1:54 | Queue | Villager (Male) |
| 2:22 | Queue | Villager (Male) |
| 2:22 | Queue | Villager (Male) |
| 2:23 | Queue | Villager (Male) |
| 2:24 | Build | Lumber Camp |
| 2:39 | Build | House |
| 2:47 | Queue | Villager (Male) |
| 2:47 | Queue | Villager (Male) |
| 2:47 | Queue | Villager (Male) |
| 3:26 | Queue | Villager (Male) |
| 3:26 | Queue | Villager (Male) |
| 3:26 | Queue | Villager (Male) |
| 3:52 | Queue | Villager (Male) |
| 3:52 | Queue | Villager (Male) |
| 3:52 | Queue | Villager (Male) |
| 4:24 | Queue | Villager (Male) |
| 4:24 | Queue | Villager (Male) |
| 4:25 | Queue | Villager (Male) |
| 4:25 | Queue | Villager (Male) |
| 5:06 | Build | Barracks |
| 5:15 | Queue | Villager (Male) |
| 5:15 | Queue | Villager (Male) |
| 5:15 | Queue | Villager (Male) |
| 5:16 | Queue | Villager (Male) |
| 5:34 | Queue | Villager (Male) |
| 5:35 | Research | Loom |
| 5:36 | Research | Loom |
| 6:02 | Build | Mining Camp |
| 6:05 | Build | House |
| 6:42 | Research | Feudal Age |
| 6:42 | Research | Feudal Age |
| 6:46 | Build | Palisade Wall |
| 6:50 | Build | Palisade Wall |
| 7:07 | Build | Mill |
| 7:23 | Queue | Militia ×2 |
| 7:24 | Queue | Militia ×2 |
| 7:28 | Build | House |
| 7:39 | Build | Palisade Wall |
| 7:46 | Build | House |
| 7:49 | Queue | Militia |
| 7:49 | Queue | Militia |
| 8:24 | Queue | Militia |
| 8:51 | Build | Farm |
| 8:52 | Age | Feudal Age |
| 8:54 | Research | Man-at-Arms (upgrade) |
| 8:55 | Research | Man-at-Arms (upgrade) |
| 8:58 | Build | House |
| 9:18 | Build | Watch Tower |
| 9:25 | Queue | Villager (Male) |
| 9:25 | Queue | Villager (Male) |
| 9:31 | Build | House |
| 9:48 | Build | Palisade Wall |
| 9:51 | Build | Palisade Wall |
| 9:52 | Build | Palisade Wall |
| 9:53 | Build | Palisade Wall |
| 9:54 | Build | Palisade Wall |
| 10:00 | Queue | Villager (Male) |
| 10:00 | Queue | Villager (Male) |
| 10:00 | Queue | Villager (Male) |
| 10:00 | Queue | Villager (Male) |
| 10:27 | Build | Palisade Wall |
| 10:51 | Queue | Villager (Male) |
| 10:51 | Queue | Villager (Male) |
| 10:51 | Queue | Villager (Male) |
| 10:52 | Queue | Villager (Male) |
| 10:56 | Build | Mining Camp |
| 10:57 | Queue | Villager (Male) |
| 11:06 | Build | Watch Tower |
| 11:33 | Queue | Villager (Male) |
| 11:33 | Queue | Villager (Male) |
| 11:33 | Queue | Villager (Male) |
| 11:44 | Build | Farm |
| 12:10 | Build | Palisade Wall |
| 12:11 | Build | Palisade Wall |
| 12:13 | Queue | Villager (Male) |
| 12:13 | Queue | Villager (Male) |
| 12:13 | Queue | Villager (Male) |
| 12:13 | Queue | Villager (Male) |
| 12:33 | Build | Palisade Wall |
| 12:34 | Queue | Villager (Male) |
| 12:34 | Queue | Villager (Male) |
| 12:34 | Queue | Villager (Male) |
| 12:37 | Build | Farm |
| 12:40 | Build | Mill |
| 12:42 | Queue | Villager (Male) |
| 12:42 | Queue | Villager (Male) |
| 12:46 | Build | Palisade Wall |
| 13:19 | Queue | Villager (Male) |
| 13:20 | Queue | Villager (Male) |
| 13:32 | Queue | Villager (Male) |
| 13:32 | Queue | Villager (Male) |
| 13:47 | Build | Farm |
| 14:01 | Build | Watch Tower |
| 14:21 | Queue | Villager (Male) |
| 14:22 | Queue | Villager (Male) |
| 14:22 | Queue | Villager (Male) |
| 14:28 | Build | Watch Tower |
| 14:34 | Queue | Villager (Male) |
| 14:35 | Queue | Villager (Male) |
| 14:35 | Queue | Villager (Male) |
| 14:55 | Build | Mining Camp |
| 14:57 | Build | Palisade Wall |
| 14:59 | Queue | Villager (Male) |
| 14:59 | Queue | Villager (Male) |
| 15:15 | Queue | Villager (Male) |
| 15:15 | Queue | Villager (Male) |
| 15:26 | Queue | Villager (Male) |
| 15:26 | Queue | Villager (Male) |
| 15:26 | Queue | Villager (Male) |
| 15:41 | Build | Farm |
| 15:51 | Queue | Villager (Male) |
| 15:51 | Queue | Villager (Male) |
| 15:52 | Queue | Villager (Male) |
| 16:07 | Queue | Villager (Male) |
| 16:07 | Queue | Villager (Male) |
| 16:25 | Build | Farm |
| 16:25 | Build | Farm |
| 16:27 | Build | Farm |
| 16:28 | Build | Farm |
| 16:49 | Queue | Villager (Male) |
| 16:50 | Queue | Villager (Male) |
| 16:54 | Build | Watch Tower |
| 17:13 | Build | Farm |
| 17:14 | Queue | Villager (Male) |
| 17:30 | Build | Farm |
| 17:38 | Research | Double-Bit Axe |
| 17:38 | Research | Double-Bit Axe |
| 17:40 | Queue | Villager (Male) |
| 17:40 | Queue | Villager (Male) |
| 17:40 | Queue | Villager (Male) |
| 17:40 | Queue | Villager (Male) |
| 18:04 | Research | Horse Collar |
| 18:05 | Research | Horse Collar |
| 18:05 | Research | Horse Collar |
| 18:08 | Queue | Villager (Male) |
| 18:08 | Queue | Villager (Male) |
| 18:23 | Queue | Villager (Male) |
| 18:23 | Queue | Villager (Male) |
| 18:23 | Queue | Villager (Male) |
| 18:34 | Queue | Militia ×2 |
Match timeline
| 5:06 | 新竹 · first_building Barracks |
| 5:26 | Rafelso · first_building Barracks |
| 6:46 | 新竹 · wall_segment Palisade Wall x1 |
| 6:50 | 新竹 · wall_segment Palisade Wall x1 |
| 7:39 | 新竹 · wall_segment Palisade Wall x1 |
| 8:52 | 新竹 · age_up feudal |
| 8:54 | Rafelso · age_up feudal |
| 8:56 | Rafelso · first_building Archery Range |
| 9:16 | Rafelso · wall_segment Palisade Wall x1 |
| 9:48 | 新竹 · wall_segment Palisade Wall x5 |
| 9:51 | 新竹 · wall_segment Palisade Wall x3 |
| 9:52 | 新竹 · wall_segment Palisade Wall x2 |
| 9:53 | 新竹 · wall_segment Palisade Wall x2 |
| 9:54 | 新竹 · wall_segment Palisade Wall x1 |
| 10:24 | Rafelso · wall_segment Palisade Wall x1 |
| 10:26 | Rafelso · wall_segment Palisade Wall x1 |
| 10:27 | Rafelso · wall_segment Palisade Wall x1 |
| 10:27 | 新竹 · wall_segment Palisade Wall x1 |
| 10:30 | Rafelso · wall_segment Palisade Wall x1 |
| 12:10 | 新竹 · wall_segment Palisade Wall x2 |
| 12:11 | 新竹 · wall_segment Palisade Wall x3 |
| 12:33 | 新竹 · wall_segment Palisade Wall x3 |
| 12:46 | 新竹 · wall_segment Palisade Wall x1 |
| 14:57 | 新竹 · wall_segment Palisade Wall x1 |
| 21:18 | Rafelso · first_market_sell 100 food |
| 21:31 | 新竹 · wall_segment Stone Wall x2 |
| 24:07 | Rafelso · age_up castle |
| 24:27 | 新竹 · first_market_buy 100 food |
| 24:32 | 新竹 · first_market_sell 100 wood |
| 24:36 | 新竹 · first_building Stable |
| 25:15 | 新竹 · wall_segment Stone Wall x1 |
| 25:19 | 新竹 · wall_segment Stone Wall x1 |
| 25:22 | 新竹 · wall_segment Stone Wall x1 |
| 27:11 | 新竹 · age_up castle |
| 28:10 | Rafelso · first_market_buy 100 wood |
| 28:20 | 新竹 · wall_segment Stone Wall x2 |
| 28:22 | 新竹 · wall_segment Stone Wall x2 |
| 28:50 | Rafelso · first_building Siege Workshop |
| 29:13 | Rafelso · first_building Monastery |
| 30:06 | 新竹 · wall_segment Stone Wall x3 |
| 30:08 | 新竹 · wall_segment Stone Wall x3 |
| 35:50 | Rafelso · first_building Castle |
| 37:44 | Rafelso · wall_segment Palisade Wall x1 |
| 37:46 | Rafelso · wall_segment Palisade Wall x1 |
| 37:47 | Rafelso · wall_segment Palisade Wall x1 |
| 37:50 | Rafelso · wall_segment Palisade Wall x1 |
| 39:22 | 新竹 · first_building Castle |
| 41:16 | Rafelso · resign |
[ AI ANALYSIS · 1 CREDIT ]
What really happened in this match?
Wolo.gg analyzes every decision: build order, eco, micro, common mistakes by bracket. Personalized analysis on WhatsApp or Discord in 30 seconds.
Civ guide
Japanese
Perfil
Jugador #15003422